 Dungeon Crawl Stone Soup version 0.23.2-1-ga50397a (webtiles) character file.

Game seed: 10054706186520245055

25 xveg the Chiller (level 3, 0/16 HPs)
             Began as a Vine Stalker Ice Elementalist on May 7, 2019.
             Slain by an adder (1 damage)
             ... on level 2 of the Dungeon.
             The game lasted 00:03:42 (1090 turns).

xveg the Chiller (Vine Stalker Ice Elementalist)    Turns: 1090, Time: 00:03:43

Health: 0/16       AC:  2    Str: 10    XL:     3   Next: 4%
Magic:  0/7        EV: 12    Int: 16    God:
Gold:   58         SH:  0    Dex: 14    Spells: 5/6 levels left

rFire    + . .     SeeInvis .   h - +0 hunting sling
rCold    x . .     Gourm    .   (no shield)
rNeg     . . .     Faith    .   a - +0 robe
rPois    .         Spirit   +   (no helmet)
rElec    .         Reflect  .   i - scarf {cloud immunity}
rCorr    .         Harm     .   (no gloves)
MR       .....                  (no boots)
Stlth    ++........             (no amulet)
HPRegen  0.05/turn              b - ring of fire
MPRegen  0.10/turn              (no ring)

@: very slightly contaminated
A: fangs 2, magic shield, antimagic bite, no potion heal 3, rot immunity
a: no special abilities


You were on level 2 of the Dungeon.
You were hungry.

You visited 1 branch of the dungeon, and saw 2 of its levels.

You collected 58 gold pieces.

Inventory:

Hand Weapons
 h - a +0 hunting sling (weapon)
Armour
 a - a +0 robe (worn)
 d - a +0 cloak
 i - a scarf of cloud immunity (worn)
Jewellery
 b - a ring of fire (left hand)
Scrolls
 f - a scroll of remove curse {unknown}
 j - a scroll of random uselessness {unknown}
Potions
 e - a potion of curing {unknown}
 g - a potion of haste {unknown}
Comestibles
 c - a ration


   Skills:
 + Level 1.9 Dodging
 + Level 2.7 Stealth
 + Level 0.4 Unarmed Combat
 * Level 2.4 Spellcasting
   Level 1.0 Conjurations
 * Level 3.5 Ice Magic


You had 5 spell levels left.
You knew the following spells:

 Your Spells              Type           Power        Failure   Level  Hunger
a - Freeze                Ice            ##..         4%          1    #......

Your spell library contained the following spells:

 Spells                   Type           Power        Failure   Level  Hunger
 Throw Frost              Conj/Ice       #.....       12%         2    ###....
 Ozocubu's Armour         Chrm/Ice       #.......     28%         3    ###....
 Throw Icicle             Conj/Ice       #.......     61%         4    #####..
 Summon Ice Beast         Ice/Summ       #.......     67%         4    #####..


Dungeon Overview and Level Annotations

Branches:
Dungeon (2/15)

Altars:
Fedhas


Innate Abilities, Weirdness & Mutations

You have extremely sharp teeth.
When hurt, damage is shared between your health and your magic reserves.
Your bite disrupts and absorbs the magic of your enemies.
Potions cannot restore your health.
You are immune to rotting.


Message History

The adder misses you. The adder closely misses you.
The kobold throws a stone.
The stone closely misses you. The adder bites you.
You see here a stone.
The adder misses you. The adder bites you. x2
* * * LOW HITPOINT WARNING * * *
Casting: Freeze (safe; 4% risk of failure)
Confirm with . or Enter, or press ? or * to list all spells.
You don't have enough magic to cast that spell.
Unknown command.
The adder bites you.
* * * LOW HITPOINT WARNING * * *
Casting: Freeze (safe; 4% risk of failure)
Confirm with . or Enter, or press ? or * to list all spells.
You don't have enough magic to cast that spell.
Unknown command.
The adder misses you.
Found a blossoming altar of Fedhas.
The adder bites you.
You die...

#.. . #.# . ..##.# #..#.
#... #.. .. #.# ....###@#
.# ._.....S# .# #..
....#.#S##.#### #.# ..
#.#........ ..# # #
#...####. #.# #. #...##
... ###.#####K...# #.#
........(....# #.#
#####........##########<#


You could see 2 adders and a kobold.

Vanquished Creatures
  An ooze (D:1)
  A dart slug (D:1)
  4 bats (D:1)
  A giant cockroach (D:1)
  2 hobgoblins (D:1)
  4 frilled lizards (D:1)
  2 goblins (D:1)
  2 kobolds
  2 rats (D:1)
19 creatures vanquished.

Notes
Turn   | Place    | Note
-------+----------+-------------------------------------------
     0 | D:1      | xveg the Vine Stalker Ice Elementalist began the quest for
                  | the Orb.
     0 | D:1      | Reached XP level 1. HP: 9/9 MP: 4/4
   182 | D:1      | Reached XP level 2. HP: 12/13 MP: 3/6
   845 | D:1      | Reached XP level 3. HP: 15/16 MP: 3/7
  1088 | D:2      | Found a blossoming altar of Fedhas.
  1090 | D:2      | Slain by an adder

Action                   || total
-------------------------++-------
Melee: Unarmed           ||    20
       Bite              ||     3
 Cast: Freeze            ||    28
 Stab: Sleeping          ||     2
Armor: Robe              ||    14
Dodge: Dodged            ||    51
